 Dungeon Crawl Stone Soup version 0.23.1-37-gaa34b87 (webtiles) character file.

Game seed: 10828638781223105056

688 night the Slasher (level 7, -8/50 HPs)
             Began as a Demonspawn Gladiator on Mar 22, 2019.
             Was a Follower of Trog.
             Killed by divine providence
             ... invoked by an orc priest
              (11 damage)
             ... on level 6 of the Dungeon.
             The game lasted 00:10:05 (4869 turns).

night the Slasher (Demonspawn Gladiator)            Turns: 4869, Time: 00:10:06

Health: -8/50      AC:  6    Str: 16      XL:     7   Next: 36%
Magic:  7/7        EV: 12    Int: 15      God:    Trog [*.....]
Gold:   139        SH:  0    Dex: 10 (14) Spells: 6/6 levels left

rFire    . . .     SeeInvis .   a - +0 long sword
rCold    . . .     Gourm    .   (no shield)
rNeg     . . .     Faith    .   j - +1 leather armour {rPois}
rPois    +         Spirit   .   c - +0 helmet
rElec    .         Reflect  .   (no cloak)
rCorr    .         Harm     .   i - +0 pair of gloves
MR       .....                  (boots unavailable)
Stlth    +.........             (no amulet)
HPRegen  0.16/turn              v - ring of wizardry
MPRegen  0.10/turn              (no ring)

@: brilliant
A: talons 3, rot immunity
a: Berserk, Renounce Religion


You were on level 6 of the Dungeon.
You worshipped Trog.
Trog was aware of your devotion.
You were hungry.

You visited 1 branch of the dungeon, and saw 6 of its levels.

You collected 139 gold pieces.

Inventory:

Hand Weapons
 a - a +0 long sword (weapon)
Missiles
 d - 3 throwing nets (quivered)
 k - 47 arrows
Armour
 c - a +0 helmet (worn)
 i - a +0 pair of gloves (worn)
 j - a +1 leather armour of poison resistance (worn)
 w - a +0 shield
Jewellery
 v - a ring of wizardry (left hand)
Scrolls
 m - a scroll of enchant weapon {unknown}
 o - 3 scrolls of remove curse {unknown}
 p - 3 scrolls of identify {unknown}
 r - 3 scrolls of enchant armour {unknown}
 s - a scroll of teleportation {unknown}
 u - a scroll of immolation {unknown}
Potions
 b - a potion of might {unknown}
 e - 2 potions of cancellation
 g - 4 potions of brilliance
 h - a potion of ambrosia {unknown}
 l - 2 potions of curing {unknown}
 n - a potion of magic {unknown}
 q - a potion of haste {unknown}
 t - a potion of degeneration {unknown}
Comestibles
 f - 6 rations


   Skills:
 - Level 2.0 Fighting
 + Level 7.9 Long Blades
 - Level 1.7 Throwing
 - Level 2.6 Dodging


You had 6 spell levels left.
You didn't know any spells.
Your spell library contained the following spells:

 Spells                   Type           Power        Failure   Level  Hunger
 Freeze                   Ice            #...         4%          1    ##.....
 Throw Frost              Conj/Ice       #.....       6%          2    ###....
 Ozocubu's Armour         Chrm/Ice       #.......     11%         3    ####...
 Summon Ice Beast         Ice/Summ       #.......     30%         4    #####..
 Throw Icicle             Conj/Ice       #.......     30%         4    #####..


Dungeon Overview and Level Annotations

Branches:
Dungeon (6/15)
 Temple: D:4-7

Altars:
Ashenzari
Fedhas
Kikubaaqudgha
Trog
The Shining One


Innate Abilities, Weirdness & Mutations

You have claws for feet.
You are immune to rotting.


Message History

The orc hits you with a +0 hand axe.
The orc priest invokes the aid of Beogh against you.
Beogh smites you! The orc hits you but does no damage.
The orc priest invokes the aid of Beogh against you.
Beogh smites you!
* * * LOW HITPOINT WARNING * * *
The orc barely misses you.
It was a potion of cancellation.
Your magical effects are unravelling.
You feel magically purged.
You feel yourself speed up. The orc hits you with a +0 whip.
* * * LOW HITPOINT WARNING * * *
The orc priest closely misses you. The orc hits you but does no damage.
The orc barely misses you.
It was a potion of brilliance.
You feel clever all of a sudden.
The orc priest calls down the wrath of Beogh upon you.
Beogh smites you!
You die...

###########
#.........#
#........(#
+.........# ### #.#
#...#
#..##.####...#######
#............oo....+
#............@o....#
#..##'###..####...##
####....#### ..#
#.<..# .+ #....# #
#....# ######


You could see an orc priest and 2 orcs.

Vanquished Creatures
  2 ogres (D:5)
  A necrophage (D:5)
  A scorpion (D:5)
  A quasit (D:6)
  A hound (D:4)
  A jelly (D:5)
  An orc priest (D:3)
  3 orc wizards
  A worker ant (D:4)
  A hound skeleton (D:4)
  4 adders
  5 oozes
  5 worms
  2 leopard geckos
  16 orcs
  A bat zombie (D:4)
  2 giant cockroaches
  5 goblins
  4 hobgoblins
  A ball python (D:3)
  6 bats
  5 frilled lizards
  5 kobolds
  9 rats
  2 rat zombies (D:4)
85 creatures vanquished.

Notes
Turn   | Place    | Note
-------+----------+-------------------------------------------
     0 | D:1      | night the Demonspawn Gladiator began the quest for the Orb.
     0 | D:1      | Reached XP level 1. HP: 16/16 MP: 1/1
    28 | D:1      | Reached skill level 3 in Long Blades
   420 | D:1      | Gained mutation: You are immune to rotting. [demonic
                  | ancestry]
   420 | D:1      | Reached XP level 2. HP: 16/22 MP: 2/2
   959 | D:2      | Gained mutation: You have sharp toenails. [demonic
                  | ancestry]
   959 | D:2      | Reached XP level 3. HP: 27/27 MP: 3/3
  1219 | D:2      | Reached skill level 4 in Long Blades
  1368 | D:2      | Found a bloodstained altar of Trog.
  1417 | D:2      | Became a worshipper of Trog the Wrathful
  1447 | D:2      | Found a glowing golden altar of the Shining One.
  2218 | D:3      | Gained mutation: You have razor-sharp toenails. [demonic
                  | ancestry]
  2218 | D:3      | Reached XP level 4. HP: 30/33 MP: 4/4
  2448 | D:3      | Reached * piety under Trog
  2448 | D:3      | Reached skill level 5 in Long Blades
  2448 | D:3      | Gained mutation: You have claws for feet. [demonic
                  | ancestry]
  2448 | D:3      | Reached XP level 5. HP: 29/38 MP: 5/5
  3261 | D:4      | Reached skill level 6 in Long Blades
  3364 | D:4      | Found an ancient bone altar of Kikubaaqudgha.
  3387 | D:4      | Reached XP level 6. HP: 44/44 MP: 6/6
  3644 | D:4      | Found a blossoming altar of Fedhas.
  3690 | D:5      | Entered Level 5 of the Dungeon
  3737 | D:5      | Found a shattered altar of Ashenzari.
  4387 | D:5      | Reached skill level 7 in Long Blades
  4444 | D:5      | Reached XP level 7. HP: 50/50 MP: 7/7
  4868 | D:6      | HP: 2/50 [orc/+0 whip (2)]
  4869 | D:6      | Killed from afar by an orc priest

Skill      XL: |  1  2  3  4  5  6 |
---------------+-------------------+-----
Long Blades    | 3 4 5 6 7 |  7.9
Fighting       | |  2.0
Throwing       | |  1.7
Dodging        | |  2.6

Action                   |  1- 3 |  4- 6 |  7- 9 || total
-------------------------+-------+-------+-------++-------
Melee: Long sword        |    93 |   106 |    38 ||   237
       Kick              |    19 |    40 |     5 ||    64
  Use: Potion            |       |       |     2 ||     2
 Stab: Sleeping          |     1 |       |       ||     1
  Eat: Chunk             |     4 |     6 |     2 ||    12
Armor: Leather armour    |    27 |    32 |    41 ||   100
Dodge: Dodged            |    65 |    61 |    58 ||   184
       Rpst.: Long sword |    26 |    20 |     8 ||    54
